 Dungeon Crawl Stone Soup version 0.23-a0-183-gf37f6fb (webtiles) character file.

25 epen the Poker (level 3, 0/34 HPs)
             Began as a Naga Monk on Sept 22, 2018.
             Slain by Natasha (3 damage)
             ... on level 2 of the Dungeon.
             The game lasted 00:01:30 (929 turns).

epen the Poker (Naga Monk)                           Turns: 929, Time: 00:01:31

Health: 0/34       AC:  2    Str: 14    XL:     3   Next: 4%
Magic:  3/3        EV: 10    Int: 18    God:
Gold:   39         SH:  0    Dex: 13    Spells: 2/2 levels left

rFire    . . .     SeeInvis +   a - +0 spear
rCold    . . .     Gourm    .   (no shield)
rNeg     . . .     Faith    .   b - +0 robe
rPois    +         Spirit   .   (no helmet)
rElec    .         Reflect  .   (no cloak)
rCorr    .         Harm     .   (no gloves)
MR       .....                  (no barding)
Stlth    ++........             (no amulet)
HPRegen  0.11/turn              d - +3 ring of intelligence
MPRegen  0.08/turn              (no ring)

@: brilliant, slowed, very slow
A: large, see invisible, deformed body, poison resistance, slowness 2, slow
metabolism 1, spit poison 1, AC +1
a: Spit Poison


You were on level 2 of the Dungeon.
You were not hungry.

You visited 1 branch of the dungeon, and saw 2 of its levels.

You collected 39 gold pieces.

Inventory:

Hand Weapons
 a - a +0 spear (weapon)
Armour
 b - a +0 robe (worn)
Jewellery
 d - a +3 ring of intelligence (left hand)
Scrolls
 h - a scroll of identify {unknown}
 i - 2 scrolls of magic mapping {unknown}
 k - a scroll of immolation {unknown}
Potions
 g - a potion of heal wounds {unknown}
 j - 2 potions of mutation {unknown}
Comestibles
 c - 5 rations


   Skills:
 + Level 3.2 Fighting
 * Level 3.4 Polearms
 + Level 0.6 Armour
 + Level 2.6 Dodging
 - Level 3.0 Stealth


You had 2 spell levels left.
You didn't know any spells.
Your spell library was empty.

Dungeon Overview and Level Annotations

Branches:
Dungeon (2/15)

Altars:

Annotations:
D:2 Natasha


Innate Abilities, Weirdness & Mutations

You cannot wear boots.
Your serpentine skin is tough. (AC +1)
You have supernaturally acute eyesight. (SInv)
Armour fits poorly on your strangely shaped body.
Your system is resistant to poisons. (rPois)
You cover ground very slowly.
You have a slow metabolism.
You can spit poison.


Message History

You closely miss Natasha.
Natasha is heavily wounded.
The white imp shouts, "Run away, thou grime-gilt toad-spotted lout!"
The white imp hits you. The white imp freezes you.
* * * LOW HITPOINT WARNING * * *
Natasha claws you but does no damage.
It was a potion of curing.
You feel better.
You have got your breath back.
The white imp gestures at you. The puff of frost hits you! Natasha claws you.
* * * LOW HITPOINT WARNING * * *
The white imp hits you but does no damage.
It was a potion of brilliance.
You feel clever all of a sudden.
Natasha looks more healthy.
Natasha barely misses you. The white imp gestures at you.
The puff of frost hits you!
* * * LOW HITPOINT WARNING * * *
Natasha claws you.
You die...

#. #. #. #.
..###.#############
......)..#..<.....#
####.#(†..#####..#
#...h@...(#
#.##5#...## #.##.##
#. #.# .. ...
###.##. ## .. #.


You could see Natasha and a white imp.

Vanquished Creatures
  A dart slug (D:1)
  3 giant cockroaches (D:1)
  4 goblins (D:1)
  3 hobgoblins (D:1)
  3 kobolds
  A bat (D:1)
  2 frilled lizards (D:1)
  5 rats
22 creatures vanquished.

Notes
Turn   | Place    | Note
-------+----------+-------------------------------------------
     0 | D:1      | epen the Naga Monk began the quest for the Orb.
     0 | D:1      | Reached XP level 1. HP: 21/21 MP: 1/1
   277 | D:1      | Reached XP level 2. HP: 26/28 MP: 2/2
   693 | D:1      | Reached XP level 3. HP: 34/34 MP: 3/3
   920 | D:2      | Noticed Natasha
   929 | D:2      | Slain by Natasha

Vault maps used:
D:1:      onia_arrival_pentagram
D:2:      tso_metal_star, chequers_ecumenical_altar_twisty, minmay_domino_4,
          uniq_sigmund, uniq_robin, uniq_natasha, uniq_jessica

Action                   || total
-------------------------++-------
Melee: Spear             ||    78
 Abil: Spit Poison       ||     4
  Use: Potion            ||     2
 Stab: Sleeping          ||     2
Armor: Robe              ||     8
Dodge: Dodged            ||    34

Table legend:
 A = Non-vault XP
 B = Vault XP
 C = Vault XP percentage of total XP
 D = Non-vault monster count
 E = Vault monster count
 F = Vault count percentage of total count
                 A         B        C        D         E       F
            +---------+---------+-------+---------+---------+-------
      Total |      36 |       0 |   0.0 |      22 |       0 |   0.0
            +---------+---------+-------+---------+---------+-------
        D:1 |      34 |       0 |   0.0 |      20 |       0 |   0.0
        D:2 |       2 |       0 |   0.0 |       2 |       0 |   0.0
            +---------+---------+-------+---------+---------+-------
